 Dungeon Crawl Stone Soup version 0.17.0-7-gfadd4cc (webtiles) character file.

123 MDvedh the Skirmisher (level 5, 0/45 HPs)
             Began as a Hill Orc Ice Elementalist on Nov 8, 2015.
             Succumbed to a worker ant's poison
             ... on level 3 of the Dungeon.
             The game lasted 00:07:21 (3895 turns).

MDvedh the Skirmisher (Hill Orc Ice Elementalist)   Turns: 3895, Time: 00:07:21

Health: 0/45       AC: 11    Str: 12    XL:     5   Next: 7%
Magic:  7/7        EV:  3    Int: 15    God:
Gold:   41         SH:  0    Dex: 11    Spells: 0 memorised, 7 levels left

rFire  . . .     SeeInvis .     r - +0 hand axe
rCold  . . .     Clarity  .     k - +0 plate armour (curse)
rNeg   . . .     SustAt   +     (no shield)
rPois  .         Gourm    .     (no helmet)
rElec  .         Spirit   .     (no cloak)
rCorr  .         Warding  .     (no gloves)
rMut   .         Stasis   .     (no boots)
MR     .....                    (no amulet)
Stlth  ..........               (no ring)
                                n - ring of sustain attributes

@: lethally poisoned (0 -> -7), not resistant to hostile enchantments, extremely
unstealthy
A: no striking features
a: no special abilities


You were on level 3 of the Dungeon.
You were hungry.

You visited 1 branch of the dungeon, and saw 3 of its levels.

You collected 41 gold pieces.

Inventory:

Hand Weapons
 r - a +0 hand axe (weapon)
Missiles
 d - 95 stones (quivered)
Armour
 k - a cursed +0 plate armour (worn)
Jewellery
 n - a ring of sustain attributes (left hand)
Scrolls
 f - 2 scrolls of identify
Potions
 e - a potion of agility
 l - a potion of flight
Comestibles
 a - a beef jerky
 m - 2 meat rations
 q - a bread ration


   Skills:
 - Level 3.1 Fighting
 + Level 2.3 Axes
 - Level 3.1 Armour
 - Level 1.5 Dodging
 - Level 1.5 Stealth
 - Level 1.5 Spellcasting
   Level 1.0 Conjurations
   Level 2.6 Ice Magic


You had 7 spell levels left.
You didn't know any spells.

Dungeon Overview and Level Annotations

Branches:
Dungeon (3/15)

Altars:
Dithmenos
Fedhas
Gozag

Annotations:
D:2 exclusion: oklob plant


Message History

The worker ant is almost dead.
You feel sick. The worker ant bites you. The worker ant bites you.
* * * LOW HITPOINT WARNING * * *
Unknown command.
You hit the worker ant.
The worker ant is almost dead.
* * * LOW HITPOINT WARNING * * *
You feel sick.
The worker ant bites you but does no damage.
Unknown command.
You hit the worker ant but do no damage.
The worker ant is almost dead.
* * * LOW HITPOINT WARNING * * *
You feel sick. The worker ant bites you.
* * * LOW HITPOINT WARNING * * *
The worker ant bites you.
* * * LOW HITPOINT WARNING * * *
You closely miss the worker ant.
The worker ant is almost dead.
You die...

# #.# #.######.#
+>.......#########
#..........).....#
#####('#########.#
##..(.....## #.#
##....(.....## #.#
#............## #.####
#.....)..@.....# #...§#
#.........a(.....#####÷####
..................#b§§§....
..................#b##§####
.......8..8.......#b##.# #
........##........#.##.# #
........##.....$..#)...# #
....8 .8.......#.#######
#<.......


You could see a worker ant.

Vanquished Creatures
  An orc wizard (D:3)
  2 adders (D:2)
  An ooze (D:1)
  A giant gecko (D:2)
  4 orcs
  A giant cockroach (D:3)
  2 goblins
  8 hobgoblins
  15 jackals
  A quokka (D:3)
  3 ball pythons
  6 bats
  5 giant newts
  9 kobolds
  5 rats
64 creatures vanquished.

Notes
Turn   | Place    | Note
--------------------------------------------------------------
     0 | D:1      | MDvedh the Hill Orc Ice Elementalist began the quest for the Orb.
     0 | D:1      | Reached XP level 1. HP: 14/14 MP: 3/3
   119 | D:1      | Reached skill level 1 in Fighting
   119 | D:1      | Reached skill level 1 in Armour
   119 | D:1      | Reached XP level 2. HP: 7/23 MP: 0/4
  1000 | D:1      | Reached XP level 3. HP: 29/29 MP: 2/5
  2160 | D:2      | Found a shadowy altar of Dithmenos.
  2393 | D:2      | Reached XP level 4. HP: 37/37 MP: 2/6
  2664 | D:2      | Found an opulent altar of Gozag.
  2749 | D:2      | Found a blossoming altar of Fedhas.
  2973 | D:2      | Noticed an oklob plant
  3269 | D:3      | Reached skill level 3 in Armour
  3644 | D:3      | Reached XP level 5. HP: 23/45 MP: 7/7
  3894 | D:3      | HP: 1/45 [worker ant (2)]
  3895 | D:3      | Succumbed to a worker ant's poison

Action                   |  1- 3 |  4- 6 || total
-------------------------+-------+-------++-------
Melee: Unarmed           |    81 |    32 ||   113
       Hand axe          |       |    43 ||    43
Throw: Stone             |    14 |     1 ||    15
 Cast: Freeze            |    64 |    38 ||   102
  Use: Potion            |     1 |     2 ||     3
       Scroll            |       |     7 ||     7
 Stab: Sleeping          |       |     1 ||     1
  Eat: Chunk             |     2 |     4 ||     6
       Bread ration      |     1 |       ||     1
       Beef jerky        |       |     1 ||     1
